 Dungeon Crawl Stone Soup version 0.18-a0-775-g4d9e04e (webtiles) character file.

58 Banto the Caller (level 3, -3/14 HPs)
             Began as a Felid Summoner on Dec 13, 2015.
             Slain by a worm (12 damage)
             ... on level 2 of the Dungeon.
             The game lasted 00:03:08 (1946 turns).

Banto the Caller (Felid Summoner)                   Turns: 1946, Time: 00:03:08

Health: -3/14      AC:  1    Str:  6    XL:     3   Next: 76%
Magic:  6/6        EV: 18    Int: 17    God:
Gold:   100        SH:  0    Dex: 16    Spells: 3 memorised, 0 levels left
                                        Lives:  0   Deaths: 0

rFire  . . .     SeeInvis +       - Unarmed
rCold  . . .     Clarity  .     (armour unavailable)
rNeg   . . .     SustAt   .     (shield unavailable)
rPois  .         Gourm    .     (helmet unavailable)
rElec  .         Spirit   .     (cloak unavailable)
rCorr  .         Dismiss  .     (gloves unavailable)
rMut   .         Stasis   .     (boots unavailable)
MR     .....                    (no amulet)
Stlth  +++.......               (no ring)
                                (no ring)

@: quick, not resistant to hostile enchantments, fairly stealthy
A: no armour, no weapons or thrown items, claws 1, fangs 3, horns 1, see
invisible, carnivore 3, speed 1, low mp 1, shaggy fur 1, slow metabolism 1,
strong 1, sharp paws
a: no special abilities


You were on level 2 of the Dungeon.
You were completely stuffed.

You visited 1 branch of the dungeon, and saw 2 of its levels.

You collected 100 gold pieces.

Inventory:

Scrolls
 e - a scroll of noise {unknown}
 g - 3 scrolls of magic mapping {unknown}
 h - 3 scrolls of recharging {unknown}
 m - a scroll of blinking {unknown}
Potions
 c - a potion of poison {unknown}
 d - a potion of lignification
 f - a potion of haste
 i - 2 potions of brilliance {unknown}
 l - a potion of flight {unknown}
Books
 a - a book of Callings

   Spells                             Type                      Level
   a - Summon Small Mammal            Summoning                    1
   b - Call Imp                       Summoning                    2
   c - Call Canine Familiar           Summoning                    3
   d - Summon Guardian Golem          Hexes/Summoning              3
   e - Summon Lightning Spire         Summoning/Air                4
   f - Summon Ice Beast               Ice/Summoning                4
Comestibles
 b - a meat ration
 j - a beef jerky
 k - a slice of pizza


   Skills:
 - Level 2.6 Dodging
 - Level 2.6 Stealth
 + Level 2.2 Unarmed Combat
 - Level 2.0 Spellcasting
 + Level 4.8 Summonings


You couldn't memorise any spells.
You knew the following spells:

 Your Spells              Type           Power        Failure   Level  Hunger
a - Summon Small Mammal   Summ           ###.         2%          1    #......
b - Call Imp              Summ           ###.....     4%          2    ###....
c - Call Canine Familiar  Summ           ###.....     10%         3    ###....


Dungeon Overview and Level Annotations

Branches:
Dungeon (2/15)

Altars:
Xom


Innate Abilities, Weirdness & Mutations

You cannot wear armour.
You are incapable of wielding weapons or throwing items.
You have sharp claws.
You have razor-sharp teeth.
You have supernaturally acute eyesight.
You are carnivorous and can eat meat at any time.
You cover ground quickly.
You are covered in fur (AC +1).
You have a slow metabolism.
Your sharp claws are effective at attacking unaware monsters.
You have a pair of small horns on your head.
Your magical capacity is low (-10% MP).
Your muscles are strong. (Str +2)


Message History

You pounce on the unaware helpless worm!
You claw the worm!
You kill the worm!
You see here a worm corpse.
Found a bread ration.
There is a stone staircase leading down here.
You see here a naga barding.
You open the door.
There is an open door here.
A worm comes into view.
You barely miss the worm. You bite the worm.
The worm is lightly wounded.
The worm bites you.
You scratch the worm. Your headbutt misses the worm.
The worm is moderately wounded.
You scratch the worm but do no damage.
The worm is moderately wounded.
The worm bites you!
Ouch! That really hurt!
You die...

........# #.....
........# ######
........# ######
........# #.....
######### #..... .
########## #.....
...##........######.....
..................'.....
#.w@.....######..<..
#..?.....# #....<
#........# #.....
#........# #.....
#........# #...%.
###############.....
#......(.....
#.....).##### #.......#


You could see a worm.

Vanquished Creatures
  An adder (D:2)
  A worm (D:2)
  2 bats
  4 goblins
  4 hobgoblins (D:1)
  5 jackals (D:1)
  6 kobolds
  A giant gecko (D:1)
  A giant newt (D:2)
  6 rats
31 creatures vanquished.

Vanquished Creatures (collateral kills)
  An adder (D:2)
  An ooze (D:1)
  A worm (D:2)
  2 bats (D:1)
  2 goblins
  2 hobgoblins (D:1)
  A jackal (D:1)
  A rat (D:2)
11 creatures vanquished.

Grand Total: 42 creatures vanquished

Notes
Turn   | Place    | Note
--------------------------------------------------------------
     0 | D:1      | Banto the Felid Summoner began the quest for the Orb.
     0 | D:1      | Reached XP level 1. HP: 7/7 MP: 4/4
   131 | D:1      | Reached skill level 1 in Unarmed Combat
   187 | D:1      | Reached XP level 2. HP: 9/11 MP: 4/6
   738 | D:1      | Reached XP level 3. HP: 14/14 MP: 2/7
   763 | D:1      | Learned a level 2 spell: Call Imp
   767 | D:1      | Learned a level 3 spell: Call Canine Familiar
  1092 | D:2      | Gained mutation: Your magical capacity is low (-10% MP). [potion of mutation]
  1092 | D:2      | Gained mutation: You have a pair of small horns on your head. [potion of mutation]
  1092 | D:2      | Gained mutation: Your muscles are strong. (Str +2) [potion of mutation]
  1629 | D:2      | Found a shimmering altar of Xom.
  1946 | D:2      | Slain by a worm

Vault maps used:
D:1:      evilmike_arrival_hilbert_curve
D:2:      xom_teletrap_fun, first_bread

Action                   || total
-------------------------++-------
Melee: Unarmed           ||   113
 Cast: Summon Small Mamm ||    13
       Call Imp          ||     2
       Call Canine Famil ||     2
  Use: Scroll            ||     3
       Potion            ||     1
 Stab: Sleeping          ||     7
       Distracted        ||     1
  Eat: Chunk             ||    10
